 Dungeon Crawl Stone Soup version 0.18.1-6-gd335043 (webtiles) character file.

11717 M4edhros the Cleaver (level 11, -4/94 HPs)
             Began as a Minotaur Berserker on May 20, 2016.
             Was an Elder of Trog.
             Slain by a manticore (8 damage)
             ... on level 15 of the Dungeon.
             The game lasted 00:15:47 (2669 turns).

M4edhros the Cleaver (Minotaur Berserker)           Turns: 2669, Time: 00:15:48

Health: -4/94      AC: 17    Str: 20    XL:     11   Next: 53%
Magic:  0/10       EV: 11    Int:  4    God:    Trog [****..]
Gold:   1360       SH:  0    Dex: 13    Spells: 0 memorised, 10 levels left

rFire  . . .     SeeInvis .     q - +0 broad axe
rCold  . . .     Gourm    .     j - +0 plate armour
rNeg   . . .     Faith    .     (no shield)
rPois  .         Spirit   +     (helmet restricted)
rElec  .         Dismiss  .     k - +0 cloak (curse)
rCorr  .         Reflect  .     d - +0 pair of gloves
SustAt .         Harm     .     n - +0 pair of boots
MR     .....                    h - amulet of guardian spirit
Stlth  ..........               (no ring)
                                (no ring)

@: exhausted, slowed, very slow, not resistant to hostile enchantments,
extremely unstealthy
A: retaliatory headbutt, horns 2, repulsion field 1, weak 1
a: Berserk, Trog's Hand, Brothers in Arms, Burn Spellbooks, Renounce Religion


You were on level 15 of the Dungeon.
You worshipped Trog.
Trog was greatly pleased with you.
You were hungry.

You visited 1 branch of the dungeon, and saw 15 of its levels.
You also visited: Bailey.

You collected 1360 gold pieces.

Inventory:

Hand Weapons
 a - a +1 hand axe
 l - a +0 war axe
 q - a +0 broad axe (weapon)
Missiles
 e - 31 tomahawks of returning (quivered)
Armour
 d - a +0 pair of gloves (worn)
 g - a +3 leather armour of poison resistance
 i - the cursed +3 robe of Folly {Archmagi, MR-- Int+5 *Curse}
   (You found it in a bailey)

   It affects your intelligence (+5).
   It affects your resistance to hostile enchantments.
   It may re-curse itself when equipped.
   It has a curse placed upon it.
 j - a +0 plate armour (worn)
 k - a cursed +0 cloak (worn)
 n - a +0 pair of boots (worn)
 u - a troll hide
Jewellery
 h - an amulet of guardian spirit (around neck)
Scrolls
 b - a scroll of enchant armour {unknown}
 m - 3 scrolls of enchant weapon
 p - a scroll of amnesia {unknown}
 r - 2 scrolls of identify {unknown}
 t - a scroll of remove curse {unknown}
Books
 f - a book of Power

   Spells                             Type                      Level
   a - Fulminant Prism                Conjuration/Hexes            4
   b - Iskenderun's Mystic Blast      Conjuration                  4
   c - Venom Bolt                     Conjuration/Poison           5
   d - Bolt of Magma                  Conjuration/Fire/Earth       5
   e - Iron Shot                      Conjuration/Earth            6
   f - Orb of Destruction             Conjuration                  7
   g - Spellforged Servitor           Conjuration/Summoning        7
   Trog disapproves of the use of such an item.
Miscellaneous
 v - a stone of tremors
Comestibles
 c - 2 bread rations
 o - 5 chunks of flesh
 s - 2 meat rations


   Skills:
 + Level 8.2 Fighting
 + Level 14.2 Axes
 * Level 9.0 Throwing
 + Level 7.7 Armour
 + Level 7.3 Dodging


You had 10 spell levels left.
You didn't know any spells.

Dungeon Overview and Level Annotations

Branches:
Dungeon (15/15)            Temple (0/1) D:4            Lair (0/8) D:10
    Orc: D:9-12      Vaults: D:13-14     Depths: D:15

Altars:
Dithmenos
Elyvilon
Makhleb
Yredelemnul

Shops:
D:4 }   D:14 }


Innate Abilities, Weirdness & Mutations

You reflexively headbutt those who attack you in melee.
You have a pair of horns on your head.
You are surrounded by a mild repulsion field (EV +2).
You are weak. (Str -2)


Message History

The manticore bites your black bear! The manticore claws your black bear.
The manticore barely misses your black bear.
Your black bear bites the manticore but does no damage.
Your black bear barely misses the manticore.
Your black bear claws the manticore but does no damage.
The manticore bites your black bear. The manticore claws your black bear.
The manticore claws your black bear!
Your black bear dies!
Your black bear's corpse disappears in a puff of smoke!
You fail to use your ability.
Your ogre goes berserk!
You feel somewhat more hungry.
The manticore bites you but does no damage.
The manticore claws you but does no damage.
The manticore claws you.
* * * LOW HITPOINT WARNING * * *
The manticore completely misses you.
The manticore claws you but does no damage.
The manticore claws you!
You die...

##########
##.........
..........
#........P
...≈≈....
#))≈≈≈≈≈P
###)≈≈≈≈≈≈≈
#.OH≈≈≈≈..≈
#<.@.P≈≈≈..
#......≈≈.≈
#......≈..≈
#...........
#..#.........
#..###P.......
#..# ###.#####
..# ..


You could see a manticore and a friendly ogre (berserk).

Vanquished Creatures
  Fannar (D:12)
  An ogre mage (D:15)
  4 hill giants
  An orc knight (Bailey)
  2 centaur zombies
  A centaur skeleton (D:15)
  A troll (D:14)
  5 two-headed ogres (D:15)
  3 slime creatures (D:12)
  Sigmund (D:3)
  9 yaks (D:14)
  A basilisk (D:14)
  A hungry ghost (D:10)
  A vampire mosquito (D:12)
  2 orc warriors (Bailey)
  2 ice beasts
  4 sky beasts
  A phantom (D:11)
  4 ogres
  2 centaurs
  A crocodile (D:10)
  A big kobold (D:11)
  2 giant frogs
  A scorpion (D:14)
  6 killer bees (D:7)
  A jelly (D:14)
  7 wights
  2 howler monkeys (D:14)
  3 crimson imps
  4 hounds
  3 orc priests
  4 orc wizards
  3 iguanas
  3 worker ants
  4 gnolls
  8 adders
  3 shadow imps
  2 dart slugs
  2 giant geckos
  15 orcs
  2 bats (D:3)
  10 goblins
  3 hobgoblins
  4 jackals (D:4)
  16 kobolds
  5 quokkas
  A ball python (D:3)
  A giant newt (D:7)
  A rat (D:3)
165 creatures vanquished.

Vanquished Creatures (collateral kills)
  Snorg (D:11)
  An orc warrior (Bailey)
  A giant frog skeleton (D:11)
3 creatures vanquished.

Vanquished Creatures (others)
  An orc (D:12)
  A fungus (D:15)
2 creatures vanquished.

Grand Total: 170 creatures vanquished

Notes
Turn   | Place    | Note
--------------------------------------------------------------
     0 | D:1      | M4edhros the Minotaur Berserker began the quest for the Orb.
     0 | D:1      | Reached XP level 1. HP: 19/19 MP: 0/0
    28 | D:1      | Reached skill level 4 in Axes
    52 | D:2      | Reached XP level 2. HP: 26/26 MP: 1/1
   155 | D:3      | Noticed Sigmund
   165 | D:3      | Killed Sigmund
   165 | D:3      | Reached skill level 7 in Axes
   165 | D:3      | Reached XP level 3. HP: 25/31 MP: 2/2
   165 | D:3      | Reached XP level 4. HP: 31/39 MP: 3/3
   165 | D:3      | Reached XP level 5. HP: 36/45 MP: 4/4
   209 | D:3      | Found a shadowy altar of Dithmenos.
   209 | D:3      | Found a white marble altar of Elyvilon.
   212 | D:3      | Reached ** piety under Trog
   257 | D:3      | Found a basalt altar of Yredelemnul.
   273 | D:3      | Found a burning altar of Makhleb.
   363 | D:4      | Found Feciryru's Gadget Boutique.
   479 | D:4      | Found a staircase to the Ecumenical Temple.
   523 | D:4      | Reached skill level 8 in Axes
   567 | D:5      | Entered Level 5 of the Dungeon
   577 | D:5      | Reached XP level 6. HP: 44/51 MP: 5/5
   617 | D:6      | Reached skill level 9 in Axes
   625 | D:6      | Noticed a sky beast
   634 | D:6      | Killed a sky beast
   634 | D:6      | Reached XP level 7. HP: 49/57 MP: 4/6
   645 | D:6      | Gained mutation: You are surrounded by a mild repulsion field (EV +2). [mutagenic meat]
   646 | D:6      | Gained mutation: You are weak. (Str -2) [mutagenic meat]
   720 | D:7      | Reached skill level 10 in Axes
   850 | D:7      | Reached skill level 11 in Axes
   858 | D:7      | Reached *** piety under Trog
   858 | D:7      | Reached XP level 8. HP: 63/64 MP: 3/7
   874 | D:7      | Reached skill level 12 in Axes
   971 | D:7      | Found a flagged portal.
   987 | Bailey   | Entered a bailey
  1023 | Bailey   | Noticed an orc knight
  1195 | Bailey   | Reached **** piety under Trog
  1204 | Bailey   | Killed an orc knight
  1212 | Bailey   | HP: 2/67 [orc warrior/war axe (13)]
  1217 | Bailey   | HP: 2/67 [orc warrior/war axe (4)]
  1220 | Bailey   | Reached XP level 9. HP: 8/72 MP: 1/8
  1446 | D:10     | Entered Level 10 of the Dungeon
  1446 | D:10     | Found a staircase to the Lair.
  1446 | D:10     | Noticed a hill giant
  1460 | D:10     | Killed a hill giant
  1460 | D:10     | Reached skill level 5 in Fighting
  1651 | D:11     | Noticed a hill giant
  1658 | D:11     | Killed a hill giant
  1658 | D:11     | Reached skill level 13 in Axes
  1658 | D:11     | Reached skill level 5 in Throwing
  1658 | D:11     | Reached skill level 5 in Armour
  1666 | D:11     | Noticed Snorg
  1671 | D:11     | Killed Snorg
  1671 | D:11     | Reached skill level 5 in Dodging
  1671 | D:11     | Reached XP level 10. HP: 55/83 MP: 6/9
  1762 | D:10     | Noticed a hill giant
  1771 | D:10     | Killed a hill giant
  2023 | D:12     | Noticed Fannar
  2047 | D:12     | Killed Fannar
  2359 | D:14     | Reached XP level 11. HP: 61/92 MP: 5/10
  2444 | D:15     | Entered Level 15 of the Dungeon
  2449 | D:15     | Noticed a hill giant
  2457 | D:15     | Killed a hill giant
  2485 | D:15     | Noticed an ogre mage
  2566 | D:14     | Reached skill level 14 in Axes
  2608 | D:14     | Found Astreuraq's Gadget Emporium.
  2645 | D:15     | Noticed an ogre mage
  2654 | D:15     | Killed an ogre mage
  2664 | D:15     | HP: 4/94 [manticore (3)]
  2669 | D:15     | HP: 4/94 [manticore (2)]
  2669 | D:15     | Slain by a manticore

Skill      XL: |  1  2  3  4  5  6  7  8  9 10 11 |
---------------+----------------------------------+-----
Axes           | 4 7 8 9 11 12 13 14 | 14.2
Fighting       | 4 5 7 8 |  8.2
Throwing       | 3 5 7 9 |  9.0
Armour         | 3 5 6 7 |  7.7
Dodging        | 3 5 6 7 |  7.3

Action                   |  1- 3 |  4- 6 |  7- 9 | 10-12 || total
-------------------------+-------+-------+-------+-------++-------
Melee: Hand axe          |    20 |    73 |    95 |       ||   188
       Headbutt          |     4 |    12 |    33 |    54 ||   103
       War axe           |       |       |    29 |       ||    29
       Broad axe         |       |       |    52 |   195 ||   247
Throw: Tomahawk          |       |       |    27 |     1 ||    28
Invok: Berserk           |     1 |     2 |     6 |     7 ||    16
       Brothers in Arms  |       |       |     2 |     3 ||     5
       Trog's Hand       |       |       |     1 |     3 ||     4
Evoke: Deck              |       |       |     4 |       ||     4
  Use: Potion            |       |     2 |     1 |     1 ||     4
       Scroll            |       |     2 |     2 |       ||     4
 Stab: Distracted        |       |       |       |     1 ||     1
  Eat: Chunk             |       |     1 |    15 |     7 ||    23
       Meat ration       |       |       |       |     1 ||     1
Armor: Animal skin       |     2 |     6 |       |       ||     8
       Plate armour      |       |    36 |   115 |   149 ||   300
       Leather armour    |       |     3 |       |       ||     3
Dodge: Dodged            |    13 |    38 |   112 |   104 ||   267
